 Dungeon Crawl Stone Soup version 0.29.1 (webtiles) character file.

Game seed: 8548241591945394296

4000 groovy9 the Grappler (level 10, -1/88 HPs)
             Began as a Troll Fighter on Sept 12, 2022.
             Was a Follower of Wu Jian.
             Slain by a five-headed hydra (2 damage)
             ... on level 8 of the Dungeon.
             The game lasted 00:29:07 (7178 turns).

groovy9 the Grappler (Troll Fighter)                Turns: 7178, Time: 00:29:08

Health: -1/88      AC:  8    Str: 26    XL:     10   Next: 3%
Magic:  9/9        EV:  8    Int: 14    God:    Wu Jian [*.....]
Gold:   346        SH:  8    Dex:  9    Spells: 9/9 levels left

rFire   . . .      SeeInvis .     - Unarmed
rCold   . . .      Faith    .   b - +1 kite shield
rNeg    . . .      Spirit   .   i - +0 steam dragon scales
rPois   +          Reflect  .   (helmet restricted)
rElec   .          Harm     .   s - +0 cloak
rCorr   .          Rampage  .   (gloves unavailable)
Will    .....                   (boots unavailable)
Stlth   +.........              (no amulet)
HPRegen 1.04/turn               g - ring of poison resistance
MPRegen 0.11/turn               t - +6 ring of intelligence

@: no status effects
A: large, unfitting armour, claws 3, regeneration 1, shaggy fur 1, tough skin 1
a: Renounce Religion


You were on level 8 of the Dungeon.
You worshipped Wu Jian.
Wu Jian was aware of your devotion.
You visited 2 branches of the dungeon, and saw 9 of its levels.

You collected 477 gold pieces.
You spent 131 gold pieces at shops.

Inventory:

Missiles
 r - 6 silver javelins (quivered)
 v - 8 boomerangs
Armour
 b - a +1 kite shield (worn)
 i - +0 steam dragon scales (worn)
 n - a +0 tower shield
 s - a +0 cloak (worn)
 u - the +2 robe of Yesterday {-Tele rF++ rCorr Dex+4}
   (You bought it in a shop on level 2 of the Dungeon)

   Dex:       It affects your dexterity (+4).
   rF:        It greatly protects you from fire.
   -Tele:     It prevents most forms of teleportation.
   rCorr:     It protects you from acid and corrosion.
Jewellery
 g - a ring of poison resistance (left claw)
 t - a +6 ring of intelligence (right claw)
Wands
 c - a wand of acid (1)
 h - a wand of paralysis (4)
 x - a wand of mindburst (6)
Scrolls
 e - 5 scrolls of enchant armour
 f - 2 scrolls of immolation
 j - 3 scrolls of teleportation
 y - a scroll of identify
Potions
 d - 2 potions of magic
 k - 4 potions of cancellation
 l - 4 potions of attraction
 m - 2 potions of flight
 o - 4 potions of mutation
 p - 2 potions of curing
 q - a potion of brilliance


   Skills:
 - Level 2.4 Fighting
 - Level 2.4 Dodging
 - Level 2.6 Shields
 + Level 14.4 Unarmed Combat


You had 9 spell levels left.
You didn't know any spells.
Your spell library contained the following spells:

 Spells                   Type           Power      Damage    Failure   Level
 Necrotise                Necr           0%         1d4       56%         1
 Sandblast                Erth           0%         2d4       56%         1
 Passwall                 Tmut/Erth      0%         N/A       71%         2
 Stone Arrow              Conj/Erth      0%         3d7       91%         3
 Vampiric Draining        Necr           0%         2d6       91%         3
 Agony                    Necr           0%         N/A       100%        5


Dungeon Overview and Level Annotations

Branches:
Dungeon (8/15)             Temple (1/1) D:7
   Lair: D:8-11

Altars:
Ashenzari
Cheibriados
Dithmenos
Elyvilon
Fedhas
Gozag
Hepliaklqana
Kikubaaqudgha
Makhleb
Nemelex Xobeh
Qazlal
Ru
Trog
Uskayaw
Vehumet
Wu Jian
Yredelemnul
Zin
The Shining One

Shops:
D:2 ?(::[

Annotations:
D:7 2 transporters, Rudyous's ghost, novice HOFi
D:8 Amaemon


Innate Abilities, Weirdness & Mutations

You are too large for most types of armour.
You have claws for hands.
Your natural rate of healing is unusually fast.
You are covered in fur. (AC +1)
You have tough skin. (AC +1)


Message History

Aim: a five-headed hydra (heavily wounded, covered in acid, 90% to hit)
The bolt of acid hits the five-headed hydra!
The five-headed hydra seems to be corroded for longer.
The five-headed hydra is severely wounded.
The five-headed hydra bites you! The five-headed hydra bites you.
You block the five-headed hydra's attack. x2
The five-headed hydra bites you!
Unknown command.
Aiming: Corrosive Bolt
Press: ? - help, Q - select action, (/) - cycle Shift-Dir - straight line, f/p - five-headed hydra
Aim: a five-headed hydra (severely wounded, covered in acid, 90% to hit)
The bolt of acid hits the five-headed hydra!
The five-headed hydra seems to be corroded for longer.
The five-headed hydra is almost dead.
You block the five-headed hydra's attack.
The five-headed hydra bites you but does no damage.
The five-headed hydra bites you!
The five-headed hydra closely misses you.
The five-headed hydra bites you.
The five-headed hydra attacks as you move away!
You block the five-headed hydra's attack.
The five-headed hydra bites you but does no damage. x2
The five-headed hydra bites you! x2
* * * LOW HITPOINT WARNING * * *
Okay, then.
Okay, then.
You feel much better. The five-headed hydra bites you.
The five-headed hydra bites you!
The five-headed hydra bites you but does no damage.
You block the five-headed hydra's attack.
The five-headed hydra bites you!
* * * LOW HITPOINT WARNING * * *
You completely miss the five-headed hydra.
The five-headed hydra is severely wounded.
The five-headed hydra bites you!
* * * LOW HITPOINT WARNING * * *
The five-headed hydra bites you!
* * * LOW HITPOINT WARNING * * *
The five-headed hydra bites you.
You die...

#. g# #))##... #..##.## #
##..#.## .. #..#.## <..
#..#.#. .... ##### ##.#)#.
..... ####...#### #.)...
......###.........###.#.#.
......).D@...##...........
.....######.#######.#.###.
#.. #.# #...# #. # #.#
###.###. #.## #.##.. #..#
#.##.# ##.# #..... #.#
#.##.# #.# #.##.#


You could see a five-headed hydra (corroded).

Vanquished Creatures
  A two-headed ogre (D:7)
  An orange demon (D:8)
  Sigmund (D:4)
  2 steam dragons
  A vampire mosquito (D:8)
  2 orc warriors
  3 black bears
  2 ice beasts
  An ogre (D:5)
  A centaur (D:8)
  2 kobold brigands
  2 phantoms (D:5)
  A bullfrog (D:7)
  3 necrophages
  2 scorpions
  A water moccasin zombie (D:6)
  4 wights (D:8)
  3 hounds
  2 gnoll boudas
  7 orc priests
  3 iguanas
  3 orc wizards
  A killer bee zombie (D:6)
  9 gnolls
  6 adders
  A shadow imp (D:6)
  4 white imps
  3 worms
  2 dart slugs
  32 orcs
  3 bats
  11 endoplasms
  4 giant cockroaches
  4 goblins
  7 hobgoblins
  6 jackals
  A quokka (D:1)
  9 ball pythons
  4 frilled lizards
  16 kobolds
  8 rats
179 creatures vanquished.

Notes
Turn   | Place    | Note
-------+----------+-------------------------------------------
     0 | D:1      | groovy9 the Troll Fighter began the quest for the Orb.
     0 | D:1      | Reached XP level 1. HP: 22/22 MP: 0/0
   125 | D:1      | Found a faded altar of an unknown god.
   143 | D:1      | Found a faded altar of an unknown god.
   178 | D:1      | Reached XP level 2. HP: 28/29 MP: 1/1
   271 | D:1      | Reached skill level 3 in Unarmed Combat
   779 | D:2      | Found Jaquloixu's Antique Weapon Boutique.
   783 | D:2      | Found Juj Toes's Book Shoppe.
   802 | D:2      | Reached XP level 3. HP: 36/36 MP: 2/2
   940 | D:2      | Reached skill level 4 in Unarmed Combat
  1031 | D:2      | Found Qoaxt's Book Emporium.
  1113 | D:2      | Found Zouggig's Antique Armour Shoppe.
  1221 | D:2      | Reached XP level 4. HP: 44/44 MP: 3/3
  1330 | D:2      | Found Ponnicuo's Magic Scroll Shoppe.
  1780 | D:3      | Found a sparkling altar of Nemelex Xobeh.
  2261 | D:3      | Found a faded altar of an unknown god.
  2264 | D:3      | Found a glowing silver altar of Zin.
  2319 | D:2      | Bought a brightly glowing robe for 131 gold pieces
  2319 | D:2      | Identified the +2 robe of Yesterday {-Tele rF++ rCorr
                  | Dex+4} (You bought it in a shop on level 2 of the Dungeon)
  2643 | D:4      | Reached skill level 5 in Unarmed Combat
  2790 | D:4      | Reached XP level 5. HP: 48/50 MP: 4/4
  2958 | D:4      | Noticed Sigmund
  2962 | D:4      | Reached skill level 6 in Unarmed Combat
  2974 | D:4      | Found a broken altar of Ashenzari.
  2998 | D:4      | Killed Sigmund
  2999 | D:4      | Reached XP level 6. HP: 50/59 MP: 5/5
  3124 | D:3      | Reached skill level 7 in Unarmed Combat
  3503 | D:5      | Entered Level 5 of the Dungeon
  3531 | D:5      | Noticed an ice beast
  3554 | D:5      | Killed an ice beast
  3555 | D:5      | Reached skill level 8 in Unarmed Combat
  3555 | D:5      | Reached XP level 7. HP: 66/66 MP: 6/6
  3581 | D:5      | Identified the +5 plate armour of Oluap {Will+ Slay+3}
  4008 | D:5      | Reached skill level 9 in Unarmed Combat
  4154 | D:5      | Reached XP level 8. HP: 74/74 MP: 7/7
  4294 | D:5      | Found a stormy altar of Qazlal.
  4510 | D:6      | Reached skill level 10 in Unarmed Combat
  4883 | D:6      | Reached skill level 11 in Unarmed Combat
  5056 | D:6      | Found a basalt altar of Yredelemnul.
  5205 | D:7      | Found a staircase to the Ecumenical Temple.
  5214 | Temple   | Entered the Ecumenical Temple
  5409 | D:7      | Found a hide-covered altar of Uskayaw.
  5472 | D:7      | Reached XP level 9. HP: 78/80 MP: 8/8
  5488 | D:7      | Noticed a two-headed ogre
  5489 | D:7      | Found a bloodstained altar of Trog.
  5489 | D:7      | Noticed Rudyous's ghost (novice HOFi)
  5489 | D:7      | Noticed a moth of wrath
  5519 | D:7      | Reached skill level 12 in Unarmed Combat
  5782 | D:7      | Found an ornate altar of the Wu Jian Council.
  5796 | D:7      | Became a worshipper of the Wu Jian Council
  6175 | D:7      | Found a transporter.
  6180 | D:7      | Found a transporter.
  6186 | D:7      | Noticed a two-headed ogre
  6195 | D:7      | Killed a two-headed ogre
  6196 | D:7      | Reached skill level 13 in Unarmed Combat
  6594 | D:8      | Found an ancient bone altar of Kikubaaqudgha.
  6628 | D:8      | Noticed an orange demon
  6628 | D:8      | Noticed Amaemon
  6664 | D:8      | Killed an orange demon
  6701 | D:8      | Reached skill level 14 in Unarmed Combat
  6851 | D:8      | Identified the +2 robe "Fiallifo" {rPois Regen+}
  6856 | D:8      | Paralysed by Amaemon for 2 turns
  7062 | D:8      | Reached * piety under Wu Jian
  7063 | D:8      | Reached XP level 10. HP: 88/88 MP: 9/9
  7164 | D:8      | Noticed a five-headed hydra
  7178 | D:8      | HP: 1/88 [five-headed hydra (14)]
  7178 | D:8      | Slain by a five-headed hydra

Illustrated notes

Levels and vault maps discovered:
D:1:      psy_arrival_basics, layout_basic,
          hellmonk_ecumenical_altar_the_god_not_taken, minmay_misc_feat_tower,
          chequers_decorated_corner
D:2:      layout_loops_cross, serial_shops, shop, nicolae_diamond_shop,
          nicolae_lakefront_shop, shop, shop
D:3:      layout_basic, nicolae_overflow_ecumenical_swirl, amcnicky_altar_gilded
D:4:      layout_cave_pods, mainiacjoe_overflow_six_doors_small, uniq_sigmund
D:5:      layout_loops_corners, grunt_qazlal_clouds, serial_bayou_lagoon_a,
          st_stairs_14
D:6:      layout_cave_pools, lemuel_zombie_altar_yredelemnul
D:7:      layout_loops_corners, mainiacjoe_overflow_cross_hatched,
          eat_drink_and_be_merry_uskayaw, minmay_temple_entry_grid,
          gammafunk_ghost_wrathful_warriors, hex_medium
D:8:      minmay_spotlight, layout_loops_corners, old_standard_altar,
          kennysheep_doodads, hangedman_decor_lopped, minmay_pinched_square,
          uniq_maurice, uniq_amaemon
Temple:   chequers_temple_sunken

Skill      XL: |  1  2  3  4  5  6  7  8  9 |
---------------+----------------------------+-----
Unarmed Combat | 3 4 5 6 8 9 11 14 | 14.4
Fighting       | |  2.4
Dodging        | |  2.4
Shields        | |  2.6

Action                   |  1- 3 |  4- 6 |  7- 9 | 10-12 || total
-------------------------+-------+-------+-------+-------++-------
Melee: Unarmed           |    98 |   159 |   259 |    22 ||   538
Invok: Lunge             |       |       |    12 |     2 ||    14
Evoke: Wand              |       |       |     3 |     6 ||     9
  Use: Scroll            |       |    11 |     3 |     1 ||    15
       Potion            |       |     1 |     9 |     1 ||    11
 Stab: Sleeping          |     1 |       |       |       ||     1
Armor: Robe              |    30 |    23 |    12 |       ||    65
       Steam dragon scal |       |       |    46 |    11 ||    57
Dodge: Dodged            |    30 |    42 |    70 |     9 ||   151
Block: Kite shield       |    28 |    54 |    82 |    13 ||   177
